 Dungeon Crawl Stone Soup version 0.19-a0-1341-g3513869 (webtiles) character file.

30 4thArraOfDagon the Ruffian (level 3, 0/31 HPs)
             Began as a Troll Ice Elementalist on Sept 1, 2016.
             Succumbed to an adder's poison
             ... on level 3 of the Dungeon.
             The game lasted 00:01:42 (234 turns).

4thArraOfDagon the Ruffian (Troll Ice Elementalist)  Turns: 234, Time: 00:01:43

Health: 0/31       AC:  5    Str: 14 (16) XL:     3   Next: 3%
Magic:  3/3        EV: 10    Int: 11 (12) God:
Gold:   15         SH:  0    Dex:  9 (10) Spells: 1 memorised, 3 levels left

rFire  . . .     SeeInvis .       - Unarmed
rCold  . . .     Gourm    +     a - +0 robe
rNeg   . . .     Faith    .     (no shield)
rPois  .         Spirit   .     (helmet restricted)
rElec  .         Dismiss  .     (no cloak)
rCorr  .         Reflect  .     (gloves unavailable)
MR     .....     Harm     .     (boots unavailable)
Stlth  +.........               (no amulet)
                                (no ring)
                                (no ring)

@: lethally poisoned (0 -> -2)
A: unfitting armour, claws 3, fast metabolism 3, gourmand, regeneration 1,
shaggy fur 1, tough skin 2, evolution 1
a: no special abilities


You were on level 3 of the Dungeon.
You were not hungry.

You visited 1 branch of the dungeon, and saw 3 of its levels.

You collected 15 gold pieces.

Inventory:

Armour
 a - a +0 robe (worn)
Scrolls
 d - a scroll of identify {unknown}
Books
 b - a book of Frost

   Spells                             Type                      Level
   a - Freeze                         Ice                          1
   b - Throw Frost                    Conjuration/Ice              2
   c - Ozocubu's Armour               Charms/Ice                   3
   d - Throw Icicle                   Conjuration/Ice              4
   e - Summon Ice Beast               Ice/Summoning                4
Comestibles
 c - 2 bread rations


   Skills:
 - Level 1.5 Dodging
 - Level 1.1 Stealth
 * Level 2.7 Unarmed Combat
 - Level 1.2 Spellcasting
   Level 0.6 Conjurations
 - Level 2.1 Ice Magic


You had 3 spell levels left.
You knew the following spells:

 Your Spells              Type           Power        Failure   Level  Hunger
a - Freeze                Ice            #...         14%         1    ##.....


Dungeon Overview and Level Annotations

Branches:
Dungeon (3/15)

Altars:


Innate Abilities, Weirdness & Mutations

You are too large for most types of armour.
You have claws for hands.
Your metabolism is lightning-fast.
You like to eat raw meat.
Your natural rate of healing is unusually fast.
You are covered in fur. (AC +1)
You have very tough skin. (AC +2)
You evolve.


Message History

You are too injured to fight recklessly!
You are too injured to fight recklessly!
You are too injured to fight recklessly!
You closely miss the adder. The adder bites you.
* * * LOW HITPOINT WARNING * * *
You are lethally poisoned!
The adder poisons you!
Unknown command.
It was a potion of degeneration.
There was something very wrong with that liquid.
You feel weakened.
You feel dopey.
You feel clumsy.
* * * LOW HITPOINT WARNING * * *
You feel sick. The adder barely misses you.
Unknown command.
Unknown command.
It was a potion of mutation.
You feel extremely strange.
You feel frail.
You feel nature experimenting on you.
Don't worry, failures die fast.
You feel robust.
You die...

.#. ... #.. #..
# #..## ####
##.##.... ...
........##.#
#.......@S.#
.####..##.#
#..##.###
#.......#
#...#.#.#
#...#.#.#
#...#.#.#
####.###.......#
(.........#..###


You could see an adder.

Vanquished Creatures
  An adder (D:3)
  An ooze (D:2)
  A giant gecko (D:2)
  A giant cockroach (D:2)
  A goblin (D:2)
  2 hobgoblins (D:2)
  5 jackals (D:2)
  A bat (D:2)
13 creatures vanquished.

Notes
Turn   | Place    | Note
-------+----------+-------------------------------------------
     0 | D:1      | 4thArraOfDagon the Troll Ice Elementalist began the quest for the Orb.
     0 | D:1      | Reached XP level 1. HP: 16/16 MP: 1/1
     0 | D:1      | 4thArraOfDagon: i just hate taking speedrun gods
     8 | D:1      | timbw: first altar you see
    14 | D:1      | timbw: that isnt nem
    26 | D:2      | Reached skill level 1 in Unarmed Combat
    27 | D:2      | 4thArraOfDagon: ya
    27 | D:2      | 4thArraOfDagon: exactly
    27 | D:2      | timbw: lol
    50 | D:2      | timbw: thats how I do my retarded splat runs
   120 | D:2      | Reached XP level 2. HP: 6/24 MP: 2/2
   228 | D:3      | Reached XP level 3. HP: 14/31 MP: 3/3
   233 | D:3      | HP: 1/31 [poisoned by an adder]
   234 | D:3      | Gained mutation: You are frail. (-10% HP) [potion of mutation]
   234 | D:3      | Gained mutation: You evolve. [potion of mutation]
   234 | D:3      | Lost mutation: You are frail. (-10% HP) [potion of mutation]
   234 | D:3      | Succumbed to an adder's poison

Vault maps used:
D:1:      dpeg_arrival_rooms_b, serial_park_tiny_2
D:2:      overflow_temple_1_default, nicolae_dithmenos_shadow_blocks
D:3:      uniq_crazy_yiuf_cottage, uniq_iyjb, uniq_natasha

Skill      XL: |  1  2 |
---------------+-------+-----
Unarmed Combat | 1 2 |  2.7
Dodging        | |  1.5
Stealth        | |  1.1
Spellcasting   | |  1.2
Conjurations   | |  0.6
Ice Magic      | |  2.1

Action                   || total
-------------------------++-------
Melee: Unarmed           ||    57
  Use: Potion            ||     4
 Stab: Invisible         ||     1
  Eat: Chunk             ||     3
Armor: Robe              ||    24
Dodge: Dodged            ||    45
